 Dungeon Crawl Stone Soup version 0.10.0-21-g6e717ff character file.

2081 deathrats the Slasher (level 8, 0/66 HPs)
             Began as a Minotaur Gladiator on Feb 28, 2012.
             Was an Initiate of Okawaru.
             Slain by an orc warrior
             ... wielding a +0,+1 orcish great mace
              (30 damage)
             ... on Level 8 of the Dungeon.
             The game lasted 00:19:10 (8768 turns).

deathrats the Slasher (Minotaur Gladiator)          Turns: 8768, Time: 00:19:10

HP   0/66        AC 10     Str 22      XL: 8   Next: 90%
MP   2/2         EV  8     Int  6 (7)  God: Okawaru [......]
Gold 369         SH 10     Dex 10      Spells:  0 memorised,  7 levels left

Res.Fire  : . . .   See Invis. : .   a - +1 falchion
Res.Cold  : . . .   Warding    : . . s - +1 scale mail
Life Prot.: . . .   Conserve   : .   c - +0 buckler (curse)
Res.Acid. : . . .   Res.Corr.  : .   d - +0 cap
Res.Poison: .       Clarity    : .   F - +0 cloak (curse)
Res.Elec. : .       Spirit.Shd : .   (no gloves)
Sust.Abil.: + .     Stasis     : .   (no boots)
Res.Mut.  : .       Ctrl.Telep.: .   E - amulet of controlled flight
Res.Rott. : .       Levitation : .   p - ring of levitation
Saprovore : . . .   Ctrl.Flight: +   G - ring of sustain abilities

@: slightly resistant to hostile enchantments, extremely unstealthy
A: retaliatory headbutt, horns 2, deterioration 1, Str +1
a: Renounce Religion, Evoke Levitation


You were on level 8 of the Dungeon.
You worshipped Okawaru.
Okawaru was noncommittal.
You were not hungry.

You visited 2 branches of the dungeon, and saw 9 of its levels.
You visited 1 portal chamber: ossuary.

You collected 349 gold pieces.

Inventory:

Hand weapons
 a - a +1,+1 falchion (weapon)
 b - a +0 blowgun
 D - a +0,+0 falchion
Missiles
 e - 3 +0 throwing nets (quivered)
 i - 4 +0 javelins
 q - 17 +0 sling bullets
 r - 15 poisoned +0 sling bullets
 v - 19 +0 darts of dispersal
 x - 13 poisoned +0 needles
 y - 17 poisoned +2 needles
 M - 5 curare-tipped +0 needles
 O - a -3 throwing net
Armour
 c - a cursed +0 buckler (worn)
 d - a +0 cap (worn)
 k - a +2 leather armour
 m - a +0 robe
 s - a +1 scale mail (worn)
 F - a cursed +0 cloak (worn)
Magical devices
 L - a wand of teleportation (2)
 P - a wand of confusion (6)
Comestibles
 f - 3 bread rations
 g - 2 chokos
 I - 3 meat rations
Scrolls
 h - a scroll of identify
 n - a scroll of curse jewellery
 o - 3 scrolls of remove curse
 t - a scroll of enchant armour {unknown}
 A - 2 scrolls of enchant weapon I
 B - 3 scrolls of magic mapping
 C - 3 scrolls of enchant weapon II
 H - a scroll of amnesia {unknown}
 J - a scroll of detect curse {unknown}
Jewellery
 p - a ring of levitation (right hand)
 w - an uncursed ring of protection from fire
 E - an amulet of controlled flight (around neck)
 G - a ring of sustain abilities (left hand)
Potions
 j - 2 potions of curing
 l - 2 potions of brilliance
 u - a potion of poison
 z - a potion of agility
 K - a potion of invisibility
Books
 N - a book of Enchantments

   Spells                             Type                      Level
   Tukima's Dance                     Hexes                        3
   See Invisible                      Charms                       4
   Cause Fear                         Hexes                        4
   Silence                            Hexes/Air                    5
   Deflect Missiles                   Charms/Air                   6
   Haste                              Charms                       6


   Skills:
 + Level 4.3 Fighting
 * Level 6.5 Long Blades
 + Level 3.6 Throwing
 * Level 6.4 Armour
 + Level 4.5 Dodging
 - Level 5.0 Shields
 + Level 2.5 Traps & Doors
 + Level 4.2 Unarmed Combat


You had 7 spell levels left.
You didn't know any spells.

Dungeon Overview and Level Annotations

Branches:
Dungeon (8/27)             Temple (1/1) D:7
    Orc: D:6-11        Lair: D:8-13

Altars:
Ashenzari
Cheibriados
Elyvilon
Fedhas
Kikubaaqudgha
Makhleb
Nemelex Xobeh
Okawaru
Sif Muna
The Shining One
Trog
Vehumet
Xom
Yredelemnul
Zin


Innate Abilities, Weirdness & Mutations

You reflexively headbutt those who attack you in melee.
You have a pair of horns on your head.
You are agile (Dex +1).
Your body is slowly deteriorating.
Your muscles are strong, but stiff (Str +1, Dex -1).


Message History

Evoke which item? (* to show all) (? for menu, Esc to quit)
Zapping:
P - a bronze wand {zapped: 1} {tried}
Press: ? - help, Shift-Dir - straight line, f/p - orc
Aim: an orc wearing an orcish leather armour (unusually strong)
The killer bee appears confused.
P - a wand of confusion {zapped: 2} The kobold moves out of view.
The killer bee stings the orc warrior.
The orc warrior is poisoned.
The killer bee poisons the orc warrior!
The orc warrior picks up an emulsified orange potion.
The orc warrior drinks a potion.
The orc warrior goes berserk!
You completely miss the killer bee.
The killer bee is moderately wounded.
The killer bee stings you.
The orc warrior rages.
The killer bee stings the orc warrior.
You hear a shout!
There is a stone staircase leading up here.
The killer bee stings you.
The orc warrior hits you with an orcish great mace!
You die...

..... #..?#
#...# #### #...#
..... #...#
.......#####...#
....%..)o......#
.......#####ok.#
..... #@..# ....
#.>.# ... ##..#
. #..# ....
..... ......
#..## .


You could see an orc warrior (berserk) and a killer bee (confused).

Vanquished Creatures
  A hippogriff (D:8)
  An ice beast (D:7)
  A sky beast (D:6)
  2 ogres (D:5)
  A human zombie (Port)
  A phantom (D:5)
  A centaur zombie (Port)
  A giant frog (D:6)
  A wight (D:7)
  A big kobold zombie (Port)
  3 hounds
  3 crimson imps
  2 orc priests
  An iguana (D:7)
  6 orc wizards
  7 scorpions (Port)
  The ghost of AdeonTwo the Skirmisher, a weakling OgFi (D:3)
  Terence (D:3)
  2 mummies (Port)
  2 adders
  4 gnolls (D:3)
  7 scorpion zombies (Port)
  2 giant mites
  An iguana skeleton (D:7)
  2 worms
  3 giant geckos
  4 gnoll zombies (Port)
  An ooze (D:1)
  23 orcs
  3 giant cockroaches (D:2)
  10 goblins
  8 hobgoblins
  3 jackals (D:3)
  9 kobolds
  3 quokkas
  5 bats
  2 giant newts
  2 goblin zombies (Port)
  A kobold zombie (Port)
  An orc zombie (Port)
  15 rats
  A toadstool (D:4)
149 creatures vanquished.

Vanquished Creatures (others)
  A mummy (Port)
  An orc (D:5)
  A giant newt (D:7)
  2 goblins
  8 toadstools
13 creatures vanquished.

Grand Total: 162 creatures vanquished

Notes
Turn   | Place    | Note
--------------------------------------------------------------
     0 | D:1      | deathrats, the Minotaur Gladiator, began the quest for the Orb.
     0 | D:1      | Reached XP level 1. HP: 18/18 MP: 0/0
   568 | D:1      | Reached skill level 1 in Armour
   919 | D:1      | Reached XP level 2. HP: 25/25 MP: 0/0
  1464 | D:2      | Reached XP level 3. HP: 30/30 MP: 1/1
  1708 | D:3      | Reached skill level 4 in Shields
  1715 | D:3      | Reached XP level 4. HP: 35/38 MP: 1/1
  2062 | D:3      | Noticed AdeonTwo's ghost (weakling OgFi)
  2071 | D:3      | Killed AdeonTwo's ghost
  2317 | D:3      | Noticed Terence
  2332 | D:3      | Killed Terence
  2332 | D:3      | Reached skill level 5 in Shields
  3019 | D:3      | Reached XP level 5. HP: 34/44 MP: 1/1
  4136 | D:5      | Entered Level 5 of the Dungeon
  4252 | D:5      | Reached XP level 6. HP: 23/51 MP: 2/2
  4443 | D:5      | Reached skill level 1 in Traps & Doors
  4619 | D:5      | Reached XP level 7. HP: 38/57 MP: 2/2
  4939 | D:5      | Reached skill level 5 in Long Blades
  5562 | D:6      | Found a snail-covered altar of Cheibriados.
  5835 | D:6      | Reached skill level 5 in Armour
  6096 | D:6      | Found a sand-covered staircase. 6103
                  | ossuary
                  | Entered a tomb 6158
                  | ossuary
                  | Reached XP level 8. HP: 59/64 MP: 2/2 6495
                  | ossuary
                  | Gained mutation: You are agile (Dex +1). 6495
                  | ossuary
                  | Gained mutation: Your body is slowly deteriorating. 6495
                  | ossuary
                  | Gained mutation: Your muscles are strong, but stiff (Str +1, Dex -1). 6497
                  | ossuary
                  | Paralysed by a potion of paralysis for 6 turns 6733
                  | ossuary
                  | Reached skill level 6 in Long Blades 6793
                  | ossuary
                  | HP: 3/66 [poisoned by a scorpion]
  7478 | D:6      | Found an ancient bone altar of Kikubaaqudgha.
  8034 | D:7      | Found a staircase to the Ecumenical Temple.
  8044 | Temple   | Entered the Ecumenical Temple
  8114 | Temple   | Became a worshipper of Warmaster Okawaru
  8297 | D:7      | Found a white marble altar of Elyvilon.
  8321 | D:7      | Found a burning altar of Makhleb.
  8768 | D:8      | Slain by an orc warrior
